 Dungeon Crawl Stone Soup version 0.27-a0-343-gfcad680f63 (webtiles) character file.

Game seed: 12853800199149370820

2527 Starless the Covert (level 9, -5/49 HPs)
             Began as a Spriggan Enchanter on Feb 14, 2021.
             Was a Follower of Dithmenos.
             Slain by a troll (20 damage)
             ... on level 8 of the Dungeon.
             The game lasted 01:51:46 (10948 turns).

Starless the Covert (Spriggan Enchanter)           Turns: 10948, Time: 01:51:47

Health: -5/49      AC: 11    Str:  4    XL:     9   Next: 29%
Magic:  10/16      EV: 11    Int: 20    God:    Dithmenos [*.....]
Gold:   307        SH:  0    Dex: 15    Spells: 1/16 levels left

rFire    x x .     SeeInvis +   (weapon currently unavailable)
rCold    + + +     Faith    .   (shield currently unavailable)
rNeg     . . .     Spirit   .   (armour currently unavailable)
rPois    +         Reflect  .   (helmet currently unavailable)
rElec    .         Harm     .   (cloak currently unavailable)
rCorr    .         Rampage  .   (gloves unavailable)
Will     +....                  (boots unavailable)
Stlth    +++++.....             r - amulet of magic regeneration
HPRegen  0.16/turn              j - ring of ice
MPRegen  0.40/turn              v - +4 ring of protection

@: ice-form, wreathed by umbra
A: large, unfitting armour, see invisible
a: End Transformation, Renounce Religion


You were on level 8 of the Dungeon.
You worshipped Dithmenos.
Dithmenos was aware of your devotion.
You were a creature of crystalline ice.
You visited 3 branches of the dungeon, and saw 10 of its levels.

You collected 372 gold pieces.
You spent 65 gold pieces at shops.

Inventory:

Hand Weapons
 a - a +1 dagger
 f - a +3 dagger
 u - a +6 dagger (melded)
Armour
 b - a +0 robe (melded)
 d - a +2 cloak (melded)
 t - a +2 hat (melded)
Jewellery
 e - a ring of see invisible
 j - a ring of ice (left front paw)
 r - an amulet of magic regeneration (around neck)
 v - a +4 ring of protection (right front paw)
 B - a ring of fire
Wands
 x - a wand of acid (8)
 y - a wand of iceblast (7)
 z - a wand of random effects (18)
Scrolls
 g - a scroll of amnesia
 k - 3 scrolls of magic mapping
 m - 2 scrolls of teleportation
 o - 2 scrolls of fog {unknown}
 p - a scroll of blinking {unknown}
 w - a scroll of immolation {unknown}
 C - a scroll of identify
Potions
 c - a potion of ambrosia
 h - a potion of curing
 i - a potion of cancellation
 l - a potion of degeneration
 n - a potion of mutation {unknown}
 q - 4 potions of haste
 s - 2 potions of magic
 D - a potion of might {unknown}


   Skills:
 - Level 1.3 Fighting
 - Level 4.2 Short Blades
 - Level 2.6 Dodging
 - Level 10.6 Stealth
 - Level 4.2 Spellcasting
 - Level 8.1 Hexes
 - Level 9.0 Transmutations
 + Level 2.1 Ice Magic


You had one spell level left.
You knew the following spells:

 Your Spells              Type           Power        Failure   Level
a - Spider Form           Tmut/Pois      11%          6%          3
b - Ensorcelled Hibernat  Hex/Ice        74%          2%          2
c - Confusing Touch       Hex            36%          1%          3
d - Dazzling Flash        Conj/Hex       40%          7%          3
e - Ice Form              Ice/Tmut       39%          13%         4

Your spell library contained the following spells:

 Spells                   Type           Power        Failure   Level
 Beastly Appendage        Tmut           80%          1%          1
 Corona                   Hex            40%          1%          1
 Animate Skeleton         Necr           8%           13%         1
 Apportation              Tloc           8%           13%         1
 Summon Small Mammal      Summ           16%          13%         1
 Wereblood                Tmut           40%          1%          2
 Tukima's Dance           Hex            36%          1%          3
 Blade Hands              Tmut           20%          9%          5


Dungeon Overview and Level Annotations

Branches:
Dungeon (8/15)             Temple (1/1) D:6            Lair (1/6) D:8

Altars:
Ashenzari
Cheibriados
Dithmenos
Elyvilon
Fedhas
Gozag
Hepliaklqana
Kikubaaqudgha
Makhleb
Nemelex Xobeh
Okawaru
Qazlal
Ru
Sif Muna
Trog
Uskayaw
Vehumet
Wu Jian
Xom
Yredelemnul
Zin
The Shining One

Shops:
D:6 !

Annotations:
D:3 Grinder
D:5 3 runed translucent doors, emiel's ghost, weakling TrDe


Innate Abilities, Weirdness & Mutations

You are very small and have problems with some larger weapons.
You are too small for most types of armour.
You have supernaturally acute eyesight. (SInv)
((You cover ground extremely quickly.))


Message History

The spell is quite dangerous to cast (13% risk of failure)!
Continue anyway?
You feel a surge of power!
You miscast Ice Form.
You are very lightly contaminated with residual magic.
Nothing appears to happen.
The yak barely misses you. The yak closely misses you.
Casting: Ice Form (quite dangerous; 13% risk of failure)
Confirm with . or Enter, or press ? or * to list all spells.
Okay, then.
Unknown command.
Casting: Ice Form (quite dangerous; 13% risk of failure)
Confirm with . or Enter, or press ? or * to list all spells.
The spell is quite dangerous to cast (13% risk of failure)!
Continue anyway?
You feel a surge of power!
You turn into a creature of crystalline ice.
Your +6 dagger melds into your body.
Your +2 cloak melds into your body.
Your +2 hat melds into your body.
Your +0 robe melds into your body.
The yak gores you but does no damage. The yak closely misses you.
A cane toad comes into view.
You punch the yak! You freeze the yak.
The yak is moderately wounded.
The yak closely misses you. The yak gores you!
You barely miss the yak.
The yak is moderately wounded.
The yak gores you! The yak gores you.
You punch the yak! You freeze the yak.
The yak is heavily wounded.
The yak misses you. The yak gores you.
You hit the yak. You freeze the yak.
The yak is severely wounded.
The yak closely misses you. The yak gores you!
The cane toad closely misses you.
You feel much better. The cane toad stings you! The yak barely misses you. x2
Your magical contamination has completely faded away.
The cane toad stings you!
You see here a scroll labelled IRIFIT GIRCH.
The yak gores the fungus!
The fungus begins to die.
There is a staircase back to the Dungeon, spattered with blood here.
The yak gores you.
You climb upwards.
Welcome back to the Dungeon!
The troll bites you!!
You die...

....#..#.####.##........... #
...<#....................... #
...##.....≈...≈............. ##
...##.#....≈..≈≈≈≈≈≈..≈≈≈... #.
...##.#....≈≈≈≈≈≈≈≈≈≈≈≈≈≈≈!...##.
.>.......≈.≈≈≈≈≈..≈≈≈≈≈≈≈≈≈......
#.#...#....≈≈≈..≈..†≈≈≈≈....T###.
#.#.###.[≈≈.≈≈≈...≈.≈≈≈≈≈≈≈. #.
..........≈≈≈≈..Y...........$ #.
...####.≈≈.≈≈≈≈hTY.≈.≈≈≈≈≈≈....#.
...# #....≈≈≈≈.≈≈.≈..≈≈≈≈≈≈....##
...###....≈≈≈≈≈≈≈≈≈≈≈)≈≈≈≈.......
#.##.....≈≈≈≈≈≈≈≈≈≈≈≈≈.≈.......##
#.##.##...≈.≈≈≈≈≈≈≈≈≈≈..≈≈≈......
#.......≈..≈.≈≈≈≈≈≈≈..≈......####
'...........≈≈≈≈≈≈≈..............
#.............# #.#..#####


You could see a yak, a troll and a hound.

Vanquished Creatures
  Psyche (D:8)
  A yak (Lair:1)
  5 sky beasts
  An ice beast (D:6)
  2 wolves (D:8)
  An ogre (D:4)
  5 bullfrogs
  3 scorpions
  An electric eel (D:8)
  A bullfrog zombie (D:5)
  A centaur zombie (D:6)
  2 hounds (D:8)
  A bullfrog skeleton (D:4)
  2 orc priests
  A jelly (D:6)
  2 centaur skeletons
  8 orc wizards
  6 worker ants
  10 adders
  A white imp (D:5)
  An adder skeleton (D:4)
  A worm (D:3)
  7 leopard geckos
  23 orcs
  4 giant cockroaches
  6 goblins
  2 hobgoblins
  5 jackals
  2 quokkas
  A ball python skeleton (D:4)
  3 bats
  6 frilled lizards
  A jackal skeleton (D:6)
  5 kobolds
  2 quokka skeletons
  3 rats
127 creatures vanquished.

Vanquished Creatures (collateral kills)
  An orc (D:5)
1 creature vanquished.

Vanquished Creatures (others)
  A fungus (Lair:1)
1 creature vanquished.

Grand Total: 129 creatures vanquished

Notes
Turn   | Place    | Note
-------+----------+-------------------------------------------
     0 | D:1      | Starless the Spriggan Enchanter began the quest for the
                  | Orb.
     0 | D:1      | Reached XP level 1. HP: 9/9 MP: 5/5
   569 | D:1      | Reached XP level 2. HP: 12/13 MP: 4/6
   572 | D:1      | Learned a level 2 spell: Ensorcelled Hibernation
  1248 | D:2      | Reached skill level 5 in Stealth
  1309 | D:2      | Reached XP level 3. HP: 16/16 MP: 5/8
  1968 | D:3      | Reached skill level 6 in Stealth
  2082 | D:3      | Reached XP level 4. HP: 21/21 MP: 2/9
  3800 | D:4      | Noticed Grinder
  3918 | D:4      | Reached XP level 5. HP: 19/24 MP: 1/10
  3922 | D:4      | Learned a level 3 spell: Confusing Touch
  3939 | D:4      | Learned a level 3 spell: Dazzling Flash
  4161 | D:4      | Reached skill level 5 in Hexes
  4705 | D:4      | Reached XP level 6. HP: 28/28 MP: 11/11
  5506 | D:3      | Reached skill level 1 in Fighting
  5864 | D:3      | Paralysed by Grinder for 6 turns
  6829 | D:4      | Learned a level 3 spell: Tukima's Dance
  6851 | D:4      | Reached XP level 7. HP: 33/33 MP: 10/14
  6925 | D:5      | Entered Level 5 of the Dungeon
  7204 | D:5      | Found a runed translucent gate.
  7205 | D:5      | Found a runed translucent gate.
  7206 | D:5      | Found a runed translucent gate.
  7208 | D:5      | Noticed emiel's ghost (weakling TrDe)
  7246 | D:5      | Found a shimmering altar of Xom.
  7248 | D:5      | Found a shimmering altar of Xom.
  7248 | D:5      | Found a shadowy altar of Dithmenos.
  7250 | D:5      | Found a shimmering altar of Xom.
  7250 | D:5      | Found a shadowy altar of Dithmenos.
  7250 | D:5      | Found a hazy altar of Hepliaklqana.
  7874 | D:5      | Reached skill level 7 in Stealth
  8201 | D:6      | Found a staircase to the Ecumenical Temple.
  8211 | Temple   | Entered the Ecumenical Temple
  8326 | Temple   | Became a worshipper of Dithmenos the Shadowed
  8492 | D:6      | Found Boykesha's Distillery.
  8506 | D:6      | Bought a potion of heal wounds for 65 gold pieces
  8553 | D:6      | Found a broken altar of Ashenzari.
  8641 | D:6      | Reached skill level 8 in Stealth
  8694 | D:6      | Reached skill level 9 in Stealth
  8694 | D:6      | Reached XP level 8. HP: 37/37 MP: 15/15
  8757 | D:6      | Found a glowing silver altar of Zin.
  8957 | D:6      | Reached skill level 10 in Stealth
  9052 | D:6      | Reached skill level 1 in Transmutations
  9130 | D:6      | Learned a level 4 spell: Ice Form
  9135 | D:6      | Learned a level 3 spell: Spider Form
  9195 | D:6      | Reached skill level 1 in Ice Magic
  9578 | D:7      | Reached * piety under Dithmenos
  9623 | D:7      | Reached skill level 5 in Transmutations
  9818 | D:7      | Found an iron altar of Okawaru.
  9818 | D:7      | Found a stormy altar of Qazlal.
  9818 | D:7      | Found an ancient bone altar of Kikubaaqudgha.
 10461 | D:8      | Found a sacrificial altar of Ru.
 10461 | D:8      | Found a hide-covered altar of Uskayaw.
 10469 | D:8      | Noticed a troll
 10540 | D:8      | Noticed Psyche
 10550 | D:8      | Killed Psyche
 10551 | D:8      | Reached XP level 9. HP: 41/41 MP: 8/16
 10771 | D:8      | Found a staircase to the Lair.
 10840 | Lair:1   | Entered Level 1 of the Lair of Beasts
 10930 | Lair:1   | Noticed a cane toad
 10948 | D:8      | Slain by a troll

Illustrated notes

Levels and vault maps discovered:
D:1:      erik_arrival_triangle_small, layout_rooms
D:2:      layout_loops_cross
D:3:      layout_loops_cross
D:4:      layout_loops_cross, enter_ossuary_2, uniq_grinder
D:5:      layout_cave_pools, serial_park, serial_park_gazebo
          [serial_park_minivault_5x5_5], serial_park_tiny_1,
          serial_park_fountain, serial_park_square1
          [serial_park_minivault_5x5_4], serial_park_tiny_pond,
          ebering_ghost_rock_garden, minivault_27, kennysheep_another_room,
          doesnt_xom_only_xom
D:6:      layout_cave_pods, zin_scriptorium, temple_fountains, serial_shops,
          nicolae_shop_crystal, evilmike_ruin_ashenzari
D:7:      layout_basic, gammafunk_temple_overflow_forgotten
D:8:      layout_basic, amethyst_overflow_temple_binary, erik_lair_island,
          serial_shops, nicolae_shop_crystal, uniq_psyche
Temple:   nicolae_temple_elliptical
Lair:1:   layout_roguey, minivault_25, st_stairs_9,
          chequers_serial_rivers_large_a, amcnicky_altar_gilded, uniq_grum,
          uniq_fannar, uniq_urug, uniq_maggie

Skill      XL: |  1  2  3  4  5  6  7  8  9 |
---------------+----------------------------+-----
Short Blades   | 2 3 4 |  4.2
Hexes          | 4 6 8 |  8.1
Stealth        | 5 6 9 10 | 10.6
Fighting       | 1 |  1.3
Spellcasting   | 4 |  4.2
Transmutations | 7 9 |  9.0
Ice Magic      | 2 |  2.1
Dodging        | |  2.6

Action                   |  1- 3 |  4- 6 |  7- 9 || total
-------------------------+-------+-------+-------++-------
Melee: Dagger            |    85 |   104 |   117 ||   306
       Unarmed           |       |       |     4 ||     4
 Cast: Corona            |     8 |     6 |     1 ||    15
       Ensorcelled Hiber |    23 |    75 |    63 ||   161
       Confusing Touch   |       |     5 |     9 ||    14
       Tukima's Dance    |       |     2 |     5 ||     7
       Dazzling Flash    |       |       |     2 ||     2
       Ice Form          |       |       |     1 ||     1
  Use: Scroll            |       |    11 |    11 ||    22
       Potion            |       |     3 |     1 ||     4
 Stab: Sleeping          |    24 |    34 |    35 ||    93
       Distracted        |       |     1 |       ||     1
       Confused          |       |     5 |     5 ||    10
Armor: Robe              |    14 |     7 |    23 ||    44
       Skin              |       |       |     1 ||     1
Dodge: Dodged            |    57 |    85 |    72 ||   214

Table legend: (Time is in decaauts)
 A = Elapsed time spent in this place.
 B = Non-inter-level travel time spent in this place.
 C = Inter-level travel time spent in this place.
 D = Time resting spent in this place.
 E = Time spent auto-exploring this place.
 F = Levels seen in this place.
 G = Mean time per level.
                   A        B        C        D        E       F      G
               +--------+--------+--------+--------+--------+-----+--------+
         Total |   8417 |   8257 |    160 |   3195 |   2679 |  10 |  841.7 |
       Dungeon |   8159 |   7999 |    160 |   3195 |   2549 |   8 | 1019.9 |
        Temple |    158 |    158 |      0 |      0 |     62 |   1 |  158.0 |
          Lair |    100 |    100 |      0 |      0 |     68 |   1 |  100.0 |
               +--------+--------+--------+--------+--------+-----+--------+

Top non-repeatable levels by time:
     D:3: 2072 daAuts
     D:4: 1948 daAuts
     D:2: 942 daAuts
     D:1: 833 daAuts
     D:5: 704 daAuts
     D:6: 696 daAuts
     D:7: 636 daAuts
     D:8: 324 daAuts
  Temple: 158 daAuts
  Lair:1: 100 daAuts
